Map: Acropolis LE

Players

TiPtOP

  • Race: Terran Terran
  • Spawn Location: 11:00

VOD

Have the link to the VOD?

Description

Time

  • Played on: Aug. 11, 2019, 3:12 a.m.
  • Length: 27:48
Show
View Real Time Build Order
Export as new Build Order

TiPtOP Terran 

Build Orders:  

Get SALT Encoding   

  12  0:01  SCV  
  13  0:19  SCV  
  14  0:24  Supply Depot  
  14  0:36  SCV  
  15  0:54  SCV  
  16  1:00  Barracks  
  16  1:11  SCV  
  17  1:32  SCV  
  18  1:49  SCV  
  19  1:58  Refinery  
  19  2:22  Command Center  
  19  2:23  SCV  
  17  2:40  Marine  
  21  3:02  SCV  
  21  3:09  Marine  
  23  3:33  Supply Depot  
  23  3:37  Barracks Reactor  
  23  4:02  SCV  
  23  4:07  Barracks  
  24  4:22  SCV, Supply Depot  
  24  4:27  Orbital Command  
  25  4:30  Marine x2  
  27  4:47  SCV  
  28  4:58  Factory  
  28  5:02  SCV  
  29  5:10  SCV  
  29  5:19  SCV  
  31  5:36  Barracks Tech Lab  
  31  5:38  Supply Depot  
  31  5:49  Barracks  
  31  5:58  Marine x2  
  33  6:04  Marine  
  34  6:12  SCV  
  34  6:17  SCV  
  36  6:23  Marine  
  36  6:29  SCV  
  38  6:32  Refinery, Factory Reactor  
  38  6:33  SCV  
  38  6:37  Starport  
  38  6:39  Marine  
  40  6:46  Marine  
  40  6:48  Marine  
  42  6:50  Supply Depot  
  42  6:54  Marine  
  43  7:04  Marine  
  44  7:11  Marine  
  44  7:12  Marine  
  46  7:20  Barracks Reactor  
  46  7:22  Stimpack  
  46  7:47  Factory Tech Lab  
  46  7:52  Supply Depot  
  38  8:23  Marine  
  38  8:24  Marine x3  
  38  8:25  Marine  
  38  8:28  Siege Tank  
  41  8:39  Medivac  
  41  8:48  Marine  
  42  8:50  Marine x4  
  46  9:03  Bunker  
  46  9:10  Siege Tank  
  46  9:12  Medivac  
  46  9:13  Marine  
  46  9:15  Marine x3  
  51  9:51  Supply Depot  
  51  10:18  Supply Depot  
  51  10:21  SCV x2  
  51  10:24  Supply Depot  
  53  11:16  Orbital Command  
  53  11:37  Refinery  
  53  11:40  Refinery  
  53  11:44  Unknown  
  53  12:17  Marine x2  
  53  12:18  Marine x3  
  58  12:26  Medivac x2  
  62  12:57  Marine x3  
  62  12:58  Marine  
  62  12:59  Marauder  
  68  13:11  Engineering Bay  
  68  13:29  Marauder  
  55  14:43  Marine x3  
  55  14:44  Marauder  
  59  15:14  Marauder  
  55  15:44  Marauder  
  54  15:58  Siege Tank  
  57  16:00  Medivac x2  
  57  16:04  Marine x3  
  57  16:05  Marine  
  65  16:10  Siege Tank  
  65  16:12  Terran Infantry Weapons Level 1  
  65  16:14  Marine  
  65  16:19  Concussive Shells  
  66  16:26  Supply Depot  
  66  16:28  Supply Depot  
  66  16:32  Supply Depot  
  66  16:43  Siege Tank  
  69  16:53  Bunker  
  69  17:29  Engineering Bay  
  69  18:00  Marine  
  69  18:01  Marine x2, Marauder  
  69  18:04  Siege Tank  
  77  18:16  Barracks  
  77  18:18  Terran Infantry Armor Level 1  
  77  18:25  Barracks  
  77  18:28  Marine x3  
  77  18:29  Marine  
  81  18:31  Marauder  
  83  18:49  Siege Tank  
  86  18:53  Marine x3  
  86  18:54  Marine  
  90  19:01  Marauder  
  90  19:04  Command Center  
  92  19:18  Marine  
  92  19:19  Marine  
  94  19:31  SCV  
  94  19:33  Marine, Marauder  
  94  19:35  Marine  
  94  19:38  SCV  
  93  19:48  SCV  
  89  19:55  SCV  
  79  20:03  Marauder  
  81  20:20  SCV  
  81  20:21  SCV  
  83  20:33  Marauder  
  83  20:37  SCV  
  83  20:38  SCV  
  86  21:03  Marauder  
  86  21:07  SCV  
  89  21:23  Barracks Tech Lab  
  89  21:24  Barracks Reactor, SCV  
  89  21:26  Marine  
  89  21:27  Marine x2  
  93  21:38  Supply Depot  
  93  21:39  Supply Depot  
  93  21:47  Viking x2  
  97  21:50  Marine x2  
  97  21:51  Marine x2  
  101  22:08  Marine x2  
  103  22:14  Supply Depot  
  103  22:15  Marine x2, Supply Depot  
  103  22:16  Marine  
  106  22:47  Supply Depot  
  106  23:25  SCV  
  107  23:42  SCV, Supply Depot  
  107  23:49  Marine x2  
  144  23:50  Marine  
  110  23:51  Marauder x2  
  110  23:59  SCV  
  116  24:14  Siege Tank  
  119  24:21  Marauder x2  
  111  24:51  Marauder x2  
  111  24:59  Siege Tank  
  49  25:37  Marine x3  
  49  25:38  Marine  
  49  25:39  Marine x4  
  54  25:43  Siege Tank  
  39  26:28  Siege Tank  
  32  26:59  Marine  
  30  27:00  Marine x2  
Tags
 
Add a new tag
Caveats
  • Supply blocks, unpowered buildings, or Contaminate may cause inaccurate times.
  • Supply counts are checked every 10 seconds.